 Dungeon Crawl Stone Soup version 0.31-a0-1-g4198be8af4 (console) character file.

Game seed: 10330906661089277521

1597763 Banquo the Hoplite (level 27, 228/228 HPs)
             Began as a Djinni Air Elementalist on May 1, 2023.
             Was a High Priest of Ashenzari.
             Escaped with the Orb
             ... and 3 runes on May 6, 2023!
             The game lasted 08:36:53 (80655 turns).

Banquo the Hoplite (Djinni Air Elementalist)       Turns: 80655, Time: 08:36:53

Health: 228/228    AC: 20    Str:  7    XL:     27
Gold:   5857       EV: 25    Int: 44    God:    Ashenzari [*****.] SH: 26 Dex: 14

rFire   + + +        a - +4 rapier {drain, rElec Int+7}
rCold   + . .        i - +1 tower shield "Thunder Perfect Mind" {rPois Regen+ Stlth+, Self, Fort} (curse)
rNeg    . . .        d - +4 troll leather armour of Ashenzari's Affliction {Regen+, Self, Cun} (curse)
rPois   ∞            h - +2 helmet of the Eternal Visionary {Int+3, Cun, Self} (curse)
rElec   +            e - scarf of the Sublime Soothsayer {rC+ rF+, Self, Cun} (curse)
rCorr   .            g - +1 pair of gloves "Shattered Fallacy" {Int+3, Self, Melee} (curse)
SInv    +            (boots unavailable)
Will    ++...        x - amulet "Lashed Stickiness" {Regen+, Melee, Self} (curse)
Stlth   ++           o - ring of the Perceptive Sky {Wiz, Cun, Self} (curse)
HPRegen 2.98/turn    L - ring of Supernal Understanding {rC+, Melee, Self} (curse)
MPRegen 0.00/turn

%: clarity, wizardry (x1)
@: flying, studying Maces & Flails
A: sickness immunity, fire resistance 2, cold vulnerability 1, float, innate
caster, HP casting, extra vitality 1
0: Orb of Zot
}: 3/15 runes: decaying, serpentine, silver
a: Renounce Religion, Curse Item, Shatter the Chains


You escaped.
You worshipped Ashenzari.
Ashenzari was extremely pleased with you.
You visited 11 branches of the dungeon, and saw 51 of its levels.
You visited 1 bazaar.
You also visited: Trove, Bailey, Ice Cave and Wizlab.

You collected 8899 gold pieces.
You spent 3042 gold pieces at shops.

Inventory:

Hand Weapons
 a - the +4 rapier "Killer Klown's Bane" (weapon) {drain, rElec Int+7}
   (You took it off a deep elf elementalist on level 3 of the Elven Halls)

   Int:       It affects your intelligence (+7).
   rElec:     It insulates you from electricity.
 c - the +4 short sword "Mosiseyne" {antimagic, rC+ Int+2 Dex+3}
   (You found it on level 1 of the Lair of Beasts)

   Int:       It affects your intelligence (+2).
   Dex:       It affects your dexterity (+3).
   rC:        It protects you from cold.
 H - a +6 quick blade of draining
Missiles
 w - 4 throwing nets
Armour
 d - the cursed +4 troll leather armour of Ashenzari's Affliction (worn) {Regen+, Self, Cun}
   (You found it on level 5 of the Lair of Beasts)

   Regen:     It increases your rate of health regeneration.
   It has a curse which improves the following skills: Introspection: Fighting
   and Spellcasting.
   Cunning:   Dodging and Stealth.
 e - the cursed scarf of the Sublime Soothsayer (worn) {rC+ rF+, Self, Cun}
   (You found it in an ice cave)

   It has a curse which improves the following skills: Introspection: Fighting
   and Spellcasting.
   Cunning:   Dodging and Stealth.
 g - the cursed +1 pair of gloves "Shattered Fallacy" (worn) {Int+3, Self, Melee}
   (You found it in a treasure trove)

   Int:       It affects your intelligence (+3).
   It has a curse which improves the following skills: Introspection: Fighting
   and Spellcasting.
   Melee Combat: Short Blades, Long Blades, Axes, Maces & Flails, Polearms,
   Staves and Unarmed Combat.
 h - the cursed +2 helmet of the Eternal Visionary (worn) {Int+3, Cun, Self}
   (You found it in a wizard's laboratory)

   It has a curse which improves the following skills: Cunning: Dodging and
   Stealth.
   Introspection: Fighting and Spellcasting.
 i - the cursed +1 tower shield "Thunder Perfect Mind" (worn) {rPois Regen+ Stlth+, Self, Fort}
   (You found it in a treasure trove)

   rPois:     It protects you from poison.
   Regen:     It increases your rate of health regeneration.
   Stlth:     It makes you more stealthy.
   It has a curse which improves the following skills: Introspection: Fighting
   and Spellcasting.
   Fortitude: Armour and Shields.
Magical Staves
 b - the staff of earth "Ozuq" {rN++}
   (You found it on level 2 of the Lair of Beasts)

   [staff of earth]

   Your inability to study Earth Magic prevents you from drawing on the full
   power of this staff in melee.
   Base accuracy: +5 Base damage: 5 Base attack delay: 1.2 This weapon's minimum
   attack delay (0.6) is reached at skill level 12.
   rN:        It greatly protects you from negative energy.
   It falls into the 'Staves' category.
   It is a one-handed weapon.
 u - the staff of air "Zasach" {rElec rF- rC++ rN+}
   (You found it on level 5 of the Vaults)

   [staff of air]

   Your inability to study Air Magic prevents you from drawing on the full power
   of this staff in melee.
   Base accuracy: +5 Base damage: 5 Base attack delay: 1.2 This weapon's minimum
   attack delay (0.6) is reached at skill level 12.
   rF:        It makes you vulnerable to fire.
   rC:        It greatly protects you from cold.
   rElec:     It insulates you from electricity.
   rN:        It protects you from negative energy.
   It falls into the 'Staves' category.
   It is a one-handed weapon.
Jewellery
 o - the cursed ring of the Perceptive Sky (left hand) {Wiz, Cun, Self}
   (You found it on level 2 of the Dungeon)

   [ring of wizardry]

   It improves your spell success rate.
   It has a curse which improves the following skills: Cunning: Dodging and
   Stealth.
   Introspection: Fighting and Spellcasting.
 x - the cursed amulet "Lashed Stickiness" (around neck) {Regen+, Melee, Self}
   (You found it on level 10 of the Dungeon)

   [amulet of regeneration]

   Regen:     It increases your rate of health regeneration.
   It has a curse which improves the following skills: Melee Combat: Short
   Blades, Long Blades, Axes, Maces & Flails, Polearms, Staves and Unarmed
   Combat.
   Introspection: Fighting and Spellcasting.
 L - the cursed ring of Supernal Understanding (right hand) {rC+, Melee, Self}
   (You took it off a vampire knight on level 3 of the Depths)

   [ring of protection from cold]

   rC:        It protects you from cold.
   It has a curse which improves the following skills: Melee Combat: Short
   Blades, Long Blades, Axes, Maces & Flails, Polearms, Staves and Unarmed
   Combat.
   Introspection: Fighting and Spellcasting.
Wands
 j - a wand of polymorph (3)
 s - a wand of mindburst (51)
 y - a wand of roots (58)
 B - a wand of quicksilver (25)
 D - a wand of digging (26)
 G - a wand of flame (146)
Scrolls
 f - 33 scrolls of teleportation
 l - 11 scrolls of summoning
 m - 5 scrolls of magic mapping
 r - 12 scrolls of blinking
 E - 8 scrolls of poison
 I - 12 scrolls of fog
 O - 2 scrolls of enchant armour
 Q - 7 scrolls of silence
 T - 9 scrolls of fear
 U - 9 scrolls of noise
Potions
 k - a potion of resistance
 n - a potion of invisibility
 p - 8 potions of might
 q - 4 potions of cancellation
 t - 18 potions of curing
 v - 15 potions of mutation
 F - 15 potions of ambrosia
 K - 10 potions of haste
 N - 17 potions of heal wounds
 P - 14 potions of brilliance
Miscellaneous
 z - a phantom mirror
 A - a box of beasts
 M - a phial of floods


   Skills:
 - Level 19.1(27) Fighting
 - Level 13.8(18.0) Short Blades
 + Level 24.8(26.6) Armour
 - Level 22.4(27) Dodging
 - Level 5.2(10.0) Stealth
 - Level 25.2(27) Shields
 - Level 19.1(27) Spellcasting


You knew the following spells:

 Your Spells              Type           Power      Damage    Failure   Level
a - Shock                 Conj/Air       100%       1d9       0%          1
b - Volatile Blastmotes   Fire/Tloc      100%       2d18      0%          3
c - Iron Shot             Conj/Erth      69%        9d13      0%          6
d - Static Discharge      Conj/Air       100%       2-7/arc   0%          2
e - Sting                 Tmut/Pois      100%       1d8       0%          1
f - Momentum Strike       Conj/Tloc      100%       3d10      0%          2
g - Stone Arrow           Conj/Erth      100%       3d13      0%          3
h - Simulacrum            Ice/Necr       69%        N/A       0%          6
i - Infestation           Necr           69%        N/A       1%          8
j - Arcjolt               Conj/Air       69%        1d79      0%          5
m - Monstrous Menagerie   Summ           69%        N/A       0%          7
s - Sticky Flame          Conj/Fire      100%       2d11      0%          4
z - Airstrike             Air            69%        2d(10-26) 0%          4
F - Dragon Form           Tmut           69%        N/A       0%          7
K - Borgnjor's Revivific  Necr           69%        N/A       1%          8
L - Death's Door          Necr           69%        N/A       1%          9
M - Swiftness             Air            100%       N/A       0%          3
Your spell library was empty.

Dungeon Overview and Level Annotations

Branches:
Dungeon (15/15)            Temple (1/1) D:5            Lair (5/5) D:8
  Swamp (4/4) Lair:2        Snake (4/4) Lair:3        Slime (0/5) Lair:5
    Orc (2/2) D:9             Elf (3/3) Orc:2        Vaults (5/5) D:14
  Crypt (3/3) Vaults:3       Tomb (0/3) Crypt:3      Depths (4/4) D:15
    Zot (5/5) Depths:4     Bailey (visited)           IceCv (visited)
 WizLab (visited)

Altars:
Ashenzari
Cheibriados
Dithmenos
Elyvilon
Fedhas
Gozag
Hepliaklqana
Makhleb
Nemelex Xobeh
Okawaru
Qazlal
Ru
Trog
Uskayaw
Wu Jian
Xom
Yredelemnul
Zin
The Shining One
Jiyva

Shops:
D:5 *   D:13 (*[   Orc:1 *   Orc:2 :[[=   Snake:4 =:   Vaults:1 [   Vaults:4 *

Portals:
Hell: Depths:1 Depths:2 Depths:3 Depths:4
Abyss: Depths:3 Depths:4
Pandemonium: Depths:1 Depths:2
Ziggurat: Depths:3

Annotations:
D:14 exclusion: orange crystal statue
Zot:5 exclusion: obsidian statue


Innate Abilities, Weirdness & Mutations

You are immune to sickness and miasma.
You are immune to poison.
Your flesh is very heat resistant. (rF++)
You are vulnerable to cold. (rC-)
You float through the air rather than walking.
You learn spells naturally, not from books.
Your magical power is your life essence.
You have superior vitality. (+4 MHP)


Message History

(V) Vaults (C) Crypt (W) Tomb (U) Depths (H) Hell (Z) Zot
Where to? (* - list waypoints, Enter - D:1, ? - help) HP restored.
There is a stone staircase leading up here.
You fly upwards.
There is a stone staircase leading down here.
You reach down and open the door.
There is an open door here.
There is an open door here.
There is an open door here.
There is an open door here.
You sense a monster nearby.
There is an open door here.
There is an open door here.
An Orb Guardian comes into view.
There is an open door here.
Aiming: Iron Shot (safe; 0% risk of failure)
Press: ? - help, Q - select action, (/) - cycle Shift-Dir - straight line, f - Orb Guardian
Aim: an Orb Guardian (75% to hit)
The iron shot hits the Orb Guardian!!!
The Orb Guardian is severely wounded.
The Orb Guardian hits you! You block the Orb Guardian's attack.
Aiming: Iron Shot (safe; 0% risk of failure)
Press: ? - help, Q - select action, (/) - cycle Shift-Dir - straight line, f/p - Orb Guardian
Aim: an Orb Guardian (severely wounded, 75% to hit)
The iron shot hits the Orb Guardian!!!
You kill the Orb Guardian!
(D) Dungeon (T) Temple (L) Lair (S) Swamp (P) Snake Pit (M) Slime Pits (O) Orcish Mines (E) Elven Halls (V) Vaults (C) Crypt (W) Tomb (U) Depths (H) Hell (Z) Zot
Where to? (* - list waypoints, Enter - D:1 @ (x,y), ? - help)
You see here a +0 club.
HP restored.
You reach down and open the door.
There is an open door here.
There is a staircase leading out of the dungeon here.
Enter note: Woot!
You have escaped!

#########
#@..~.≈~#
####..~≈#
#~P..~PP#
#P~~.~PP#
#####
#P~~.P≈~#
#...#
#≈~.P..~#
#...#
#≈.≈~~.≈#
#...#
#'#####'#
#...#
#....##.#


There were no monsters in sight!

Vanquished Creatures
  4 orbs of fire (Zot:5)
  A dread lich (Zot:4)
  6 ancient liches
  4 Killer Klowns
  Bai Suzhen (Snake:4)
  3 curse toes
  Saint Roka (Orc:2)
  Xtahua (Depths:3)
  4 caustic shrikes
  9 golden dragons
  2 profane servitors
  5 bone dragons
  Jory (Depths:3)
  3 electric golems
  3 doom hounds (Depths:4)
  A Tzitzimitl (Depths:3)
  A Brimstone Fiend (Depths:1)
  A hellephant (D:12)
  18 tentacled monstrosities
  2 walking crystal tomes (WizLab)
  Asterion (Depths:2)
  Zenata (Vaults:4)
  Mlioglotl (Snake:3)
  2 titans (Vaults:5)
  Grunn (Depths:4)
  4 liches
  27 Orb Guardians
  A deep elf master archer (Elf:3)
  2 deep elf blademasters (Elf:3)
  7 quicksilver dragons
  3 ancient champions (Crypt:3)
  4 sphinxes
  A thorn hunter (Swamp:2)
  Kirke (D:14)
  12 death cobs
  Gastronok (D:8)
  Donald (Snake:4)
  8 shadow dragons
  12 storm dragons
  4 revenants
  8 draconian knights
  The ghost of anet the Tortoise, a journeyman MiBe of Trog (Orc:2)
  4 nagarajas
  A strange machine (WizLab)
  2 draconian monks
  10 frost giants
  8 fire giants
  20 vault wardens
  2 deep elf sorcerers (Elf:3)
  An iron dragon (Vaults:5)
  A caustic shrike zombie (Crypt:3)
  4 draconian scorchers
  6 ghost moths
  3 curse skulls
  2 draconian shifters
  A caustic shrike skeleton (Crypt:1)
  2 deep elf elementalists (Elf:3)
  2 reapers
  2 orc warlords
  12 stone giants
  5 draconian annihilators
  2 draconian stormcallers
  2 war gargoyles
  6 ghouls
  14 very ugly things
  16 ironbound preservers
  6 ironbound thunderhulks
  22 vampire knights
  5 deep elf annihilators
  8 deep elf demonologists
  9 green draconians
  7 eleionomae
  8 black draconians
  A putrid mouth (Depths:3)
  12 dire elephants
  3 bunyips (Swamp:2)
  5 yellow draconians
  8 red draconians
  5 spark wasps
  12 white draconians
  Snorg (Orc:1)
  8 purple draconians
  21 eidola
  12 ettins
  6 deep elf death magi
  A blizzard demon (Depths:1)
  Josephine (Orc:1)
  2 entropy weavers
  2 pearl dragon zombies (Depths:1)
  An ettin (shapeshifter) (D:15)
  14 fire dragons
  3 shambling mangroves
  7 deep elf high priests
  13 jiangshi
  5 ice dragons
  2 spriggan zombies (Crypt:3)
  An elf zombie (Crypt:3)
  6 great orbs of eyes
  Harold (D:9)
  6 spriggan air magi
  11 yaktaur captains
  11 rakshasas
  3 salamander tyrants
  2 peacekeepers (Vaults:4)
  18 hydras
  2 ogre magi
  35 vault guards
  4 boulder beetles
  2 caustic shrike simulacra (IceCv)
  Erica (Orc:1)
  An Orb Guardian skeleton (Crypt:3)
  12 anacondas
  11 ironbound frosthearts
  7 death knights
  4 catoblepae
  6 two-headed ogres
  8 alligators
  23 centaur warriors
  5 tengu warriors
  7 deep troll shamans
  34 dancing weapons
  21 death yaks (Lair:5)
  11 shock serpents
  3 spriggan berserkers
  3 hell hogs (Depths:1)
  Urug (Lair:1)
  5 deep troll earth magi
  A titan zombie (Depths:1)
  12 vampire magi
  6 naga warriors
  3 orc high priests (Orc:2)
  Sonja (Lair:1)
  16 naga sharpshooters
  6 soul eaters
  8 hell knights (Depths:4)
  15 deep elf knights
  A fire crab (Lair:5)
  3 skysharks
  40 skeletal warriors
  A sea snake (shapeshifter) (Depths:4)
  A skyshark (shapeshifter) (Vaults:5)
  6 salamander mystics
  11 shadow wraiths
  Lodul (D:13)
  3 glowing orange brains
  4 sea snakes
  4 spriggan druids
  A bunyip zombie (Crypt:3)
  10 flayed ghosts
  Amaemon (D:11)
  A death drake (Zot:2)
  40 deep trolls
  9 bog bodies
  8 naga ritualists
  24 phantasmal warriors
  An obsidian statue (IceCv)
  Pikel (D:9)
  4 spriggan simulacra (IceCv)
  13 swamp dragons
  8 lindwurms
  13 ironbound convokers
  3 necromancers
  5 wizards
  34 deep elf pyromancers
  11 deep elf archers
  An iron dragon zombie (Crypt:3)
  9 orc knights
  24 deep elf zephyrmancers
  A wolf spider zombie (Crypt:3)
  A wolf spider (Lair:5)
  5 will-o-the-wisps
  11 mana vipers
  17 salamanders
  A cyclops (shapeshifter) (Vaults:5)
  4 orc sorcerers (Orc:2)
  26 ugly things
  A shadow dragon skeleton (Crypt:1)
  A sphinx skeleton (Depths:1)
  4 cyclopes
  32 black mambas
  18 moths of wrath
  Maurice (Orc:1)
  3 manticores
  10 vault sentinels
  13 elephants
  A frost giant skeleton (Depths:1)
  3 apis skeletons (Depths:1)
  4 guardian serpents
  A dire elephant zombie (Crypt:3)
  Joseph (D:7)
  A gargoyle (D:13)
  A centaur zombie (Crypt:3)
  A spectral iron troll (Crypt:3)
  An orange demon (D:11)
  3 torpor snails
  7 naga magi
  7 cane toads
  A black draconian zombie (Crypt:3)
  Psyche (D:9)
  22 yaktaurs
  20 freezing wraiths
  A rime drake (Lair:5)
  6 tengu conjurers
  An unseen horror zombie (Crypt:3)
  4 komodo dragons
  5 unseen horrors
  2 ice devils (IceCv)
  A kobold demonologist (D:12)
  2 red draconian skeletons (Zot:2)
  An efreet (D:13)
  A sea snake skeleton (Crypt:2)
  4 anaconda simulacra (IceCv)
  2 golden dragon simulacra (IceCv)
  3 spectral deep trolls (Crypt:3)
  5 trolls
  6 meliai (D:15)
  3 bloated husks
  A mana viper skeleton (Crypt:3)
  A moth of wrath zombie (Zot:2)
  A queen bee (Lair:2)
  Grinder (D:5)
  A harpy zombie (Crypt:3)
  18 hornets
  A culicivora zombie (Crypt:1)
  2 polar bears
  10 blink frogs
  8 tyrant leeches
  A radroach zombie (Crypt:1)
  3 large abominations (Depths:4)
  A dream sheep (shapeshifter) (Depths:2)
  8 dream sheep
  Sigmund (D:3)
  2 air elementals
  29 slime creatures
  A wind drake zombie (Crypt:1)
  10 spriggans
  2 fire elementals
  2 shadows
  6 vampires
  A water elemental (Elf:3)
  21 yaks
  2 ynoxinuls (Depths:1)
  A dire elephant simulacrum (IceCv)
  5 wyverns
  3 basilisks
  4 hogs (D:14)
  A slime creature zombie (Crypt:2)
  18 wraiths
  A basilisk (shapeshifter) (Depths:4)
  A chaos spawn (Depths:4)
  4 steam dragons
  25 vampire mosquitoes
  8 small abominations (Depths:4)
  3 neqoxecs
  2 harpy simulacra (IceCv)
  6 wargs
  12 swamp worms
  4 acid dragons
  Duvessa (D:7)
  3 hell hounds (Zot:5)
  13 water moccasins
  34 nagas
  A two-headed ogre skeleton (Crypt:1)
  2 floating eyes
  33 orc warriors
  4 black bears
  A merfolk skeleton (Crypt:3)
  8 swamp drakes (Swamp:4)
  2 ice beasts
  3 alligator simulacra (IceCv)
  A sky beast (D:7)
  A snapping turtle zombie (Crypt:1)
  22 centaurs
  10 ogres
  29 wolves
  2 phantoms (D:5)
  An elephant skeleton (Crypt:1)
  Blork the orc (D:6)
  4 kobold brigands
  A komodo dragon zombie (Crypt:2)
  A hog skeleton (Crypt:3)
  9 bullfrogs
  A necrophage (Crypt:3)
  5 earth elementals
  2 gnoll sergeants
  2 scorpions
  16 wights
  A water moccasin skeleton (Crypt:1)
  Dowan (D:7)
  34 killer bees
  4 lindwurm simulacra (IceCv)
  17 electric eels
  2 howler monkeys (D:9)
  3 lava snakes (D:14)
  Crazy Yiuf (D:5)
  A gnoll bouda (D:4)
  16 orc priests
  7 hounds
  5 jellies
  5 sleepcaps
  3 iguanas
  21 orc wizards
  A naga skeleton (Crypt:2)
  Robin (D:3)
  22 gnolls
  8 adders
  A swamp drake zombie (Crypt:2)
  2 white imps (D:5)
  An ufetubus (D:5)
  A dart slug (D:1)
  63 orcs
  5 endoplasms
  4 giant cockroaches (D:1)
  15 hobgoblins
  3 jackals (D:5)
  3 quokkas
  3 ball pythons
  A ball python skeleton (Crypt:2)
  3 bats
  A dart slug zombie (Crypt:2)
  An endoplasm zombie (Crypt:3)
  A frilled lizard (D:3)
  A frilled lizard skeleton (Crypt:1)
  31 goblins
  25 kobolds
  5 rats
2180 creatures vanquished.

Vanquished Creatures (collateral kills)
  An ancient lich (Zot:2)
  Vashnia (Snake:4)
  2 golden dragons
  A bone dragon (Zot:2)
  2 tentacled monstrosities (Vaults:5)
  2 titans (Vaults:5)
  A quicksilver dragon (Zot:3)
  A deep elf master archer (Elf:3)
  A sphinx (Vaults:5)
  A death cob (Zot:4)
  A thorn hunter (Swamp:4)
  2 storm dragons
  4 shadow dragons
  A tengu reaver (Depths:3)
  A strange machine (WizLab)
  2 draconian monks
  2 nagarajas (Snake:4)
  2 frost giants
  2 fire giants
  An iron dragon (Depths:3)
  2 deep elf sorcerers (Elf:3)
  A deep elf elementalist (Elf:3)
  3 ironbound preservers (Vaults:5)
  A draconian annihilator (Zot:2)
  2 vault wardens
  4 very ugly things
  An orc warlord (Vaults:3)
  2 green draconians (Zot:2)
  A stone giant (Vaults:5)
  4 deep elf annihilators
  A bunyip (Swamp:4)
  5 deep elf demonologists
  A white draconian (Depths:4)
  2 eleionomae
  The ghost of Obergh the Unseen, a journeyman SpBr (Depths:4)
  2 purple draconians
  2 red draconians
  3 yellow draconians
  4 spark wasps
  3 ettins
  4 deep elf death magi
  2 fire dragons
  A shambling mangrove (Swamp:4)
  A deep elf high priest (Elf:3)
  10 vault guards
  A hydra (Swamp:4)
  4 yaktaur captains
  2 ogre magi (Vaults:5)
  2 rakshasas (Depths:2)
  3 spriggan air magi
  An ironbound frostheart (Vaults:3)
  3 two-headed ogres
  6 anacondas
  A deep troll shaman (Depths:4)
  An alligator (Swamp:4)
  4 naga warriors (Snake:4)
  3 death knights
  2 tengu warriors (Depths:2)
  2 dancing weapons (Elf:3)
  A shock serpent (Snake:4)
  5 naga sharpshooters (Snake:4)
  4 spriggan berserkers
  2 salamander mystics (Snake:4)
  A deep elf knight (Elf:3)
  A goliath frog (shapeshifter) (Vaults:5)
  4 iron trolls
  A sea snake (Snake:4)
  12 deep trolls
  A death drake (Zot:2)
  A naga ritualist (Snake:4)
  A spriggan rider (Depths:2)
  A flayed ghost (Depths:2)
  5 swamp dragons (Swamp:4)
  4 orc knights
  A spriggan druid (Swamp:4)
  4 lindwurms (Vaults:3)
  A phantasmal warrior (Vaults:5)
  4 ironbound convokers
  2 bog bodies
  3 deep elf zephyrmancers (Vaults:5)
  A deep elf pyromancer (Elf:3)
  A mana viper (Snake:4)
  3 ugly things (Vaults:3)
  2 salamanders (Snake:4)
  2 moths of wrath
  An apis skeleton (Depths:1)
  5 vault sentinels
  4 black mambas
  2 naga magi (Snake:4)
  A guardian serpent (Snake:4)
  7 yaktaurs
  4 freezing wraiths (IceCv)
  2 tyrant leeches (Swamp:4)
  A wraith (Crypt:2)
  A water elemental (Elf:3)
  A harpy simulacrum (IceCv)
  2 nagas (Snake:4)
  An alligator simulacrum (IceCv)
  2 swamp drakes (Swamp:4)
  An orc warrior (Vaults:5)
  4 ogres
  A wight (Vaults:3)
  2 lindwurm simulacra (IceCv)
  4 orcs (Vaults:5)
243 creatures vanquished.

Vanquished Creatures (others)
  A golden dragon (Zot:5)
  A purple draconian (Zot:5)
  A fire dragon (Depths:3)
  A human (D:14)
  An orc wizard (D:14)
  An orc (D:14)
  A briar patch (Swamp:2)
  2 bushes (Lair:5)
  12 foxfires
  17 fungi
  28 plants
  22 withered plants (Crypt:3)
88 creatures vanquished.

Grand Total: 2511 creatures vanquished

Notes
Turn   | Place    | Note
-------+----------+-------------------------------------------
     0 | D:1      | Banquo the Djinni Air Elementalist began the quest for the
                  | Orb.
     0 | D:1      | Banquo set off with the following spells memorised: Shock,
                  | Static Discharge, Swiftness, Airstrike.
     0 | D:1      | Reached XP level 1. HP: 15/15 MP: 0/0
   118 | D:1      | Reached XP level 2. HP: 20/22 MP: 0/0
   409 | D:1      | Reached skill level 1 in Fighting
   409 | D:1      | Reached XP level 3. HP: 23/27 MP: 0/0
   409 | D:1      | Learned a level 1 spell: Sting
   894 | D:2      | Reached XP level 4. HP: 15/32 MP: 0/0
  1714 | D:3      | Noticed Robin
  1775 | D:3      | Noticed Sigmund
  1806 | D:3      | Reached XP level 5. HP: 37/38 MP: 0/0
  1806 | D:3      | Learned a level 2 spell: Momentum Strike
  1811 | D:3      | Killed Robin
  2686 | D:4      | Reached XP level 6. HP: 37/43 MP: 0/0
  2874 | D:4      | Identified the +1 pair of gloves of the Ecumenical Temple
                  | {Rampage Str+4 Int-5}
  3146 | D:4      | Identified the +5 spear of Desperation {heavy, rF- rCorr
                  | Dex+2 SInv}
  3319 | D:4      | Reached skill level 5 in Spellcasting
  3446 | D:4      | Reached XP level 7. HP: 47/49 MP: 0/0
  3446 | D:4      | Learned a level 3 spell: Stone Arrow
  3896 | D:5      | Entered Level 5 of the Dungeon
  3919 | D:5      | Noticed a water moccasin
  3955 | D:5      | Noticed Grinder
  3958 | D:4      | HP: 2/49 [black bear (2)]
  4399 | D:5      | Reached XP level 8. HP: 53/56 MP: 0/0
  4459 | D:5      | Found a staircase to the Ecumenical Temple.
  4532 | D:5      | Killed Grinder
  4541 | Temple   | Entered the Ecumenical Temple
  4718 | Temple   | Became a worshipper of Ashenzari the Shackled
  5117 | D:5      | Reached XP level 9. HP: 57/63 MP: 0/0
  5117 | D:5      | Learned a level 3 spell: Volatile Blastmotes
  5267 | D:5      | Found a runed translucent door.
  5268 | D:5      | Noticed Crazy Yiuf
  5337 | D:5      | Found a glowing silver altar of Zin.
  5444 | D:5      | Found Potollit's General Store.
  5889 | D:6      | Noticed Blork the orc
  5898 | D:6      | Killed Blork the orc
  6055 | D:6      | Reached skill level 5 in Fighting
  6861 | D:7      | Reached XP level 10. HP: 18/71 MP: 0/0
  7047 | D:7      | Reached * piety under Ashenzari
  7268 | D:7      | Noticed Joseph
  7386 | D:7      | Noticed Dowan
  7413 | D:7      | Noticed Duvessa
  7416 | D:7      | Killed Duvessa
  7625 | D:7      | Killed Dowan
  7825 | D:7      | Killed Joseph
  7826 | D:7      | Reached skill level 10 in Spellcasting
  8622 | D:8      | Reached skill level 1 in Armour
  9015 | D:7      | Reached ** piety under Ashenzari
  9049 | D:8      | Reached XP level 11. HP: 66/81 MP: 0/0
  9049 | D:8      | Learned a level 4 spell: Sticky Flame
  9105 | D:8      | Found a staircase to the Lair.
  9341 | D:9      | Found a flagged portal.
  9360 | Bailey   | Entered a bailey
  9638 | Bailey   | Reached *** piety under Ashenzari
  9794 | Bailey   | Noticed an orc warlord
  9896 | Bailey   | HP: 1/84 [orc warlord/+9 battleaxe (23)]
  9956 | Bailey   | Reached skill level 5 in Armour
  9956 | Bailey   | Reached skill level 3 in Shields
  9956 | Bailey   | Reached XP level 12. HP: 73/93 MP: 0/0
 10086 | Bailey   | Killed an orc warlord
 10256 | D:9      | Noticed Psyche
 10259 | D:9      | Killed Psyche
 10341 | D:9      | Found a staircase to the Orcish Mines.
 10341 | D:9      | Noticed Pikel
 10345 | D:9      | Killed Pikel
 10582 | D:9      | Noticed a two-headed ogre
 10597 | D:9      | Killed a two-headed ogre
 10639 | D:9      | Noticed a tengu warrior
 10658 | D:9      | Killed a tengu warrior
 10737 | D:9      | Noticed Harold
 10797 | D:9      | Noticed Gastronok
 10808 | D:8      | Killed Gastronok
 10809 | D:8      | Reached XP level 13. HP: 87/99 MP: 0/0
 10809 | D:8      | Learned a level 5 spell: Arcjolt
 11186 | Lair:1   | Entered Level 1 of the Lair of Beasts
 11200 | Lair:1   | Noticed Urug
 11206 | Lair:1   | Killed Urug
 11568 | Lair:1   | Noticed Sonja
 11580 | Lair:1   | Killed Sonja
 11793 | Lair:1   | Identified the +4 short sword "Mosiseyne" {antimagic, rC+
                  | Int+2 Dex+3}
 12060 | Lair:1   | Reached **** piety under Ashenzari
 12165 | Lair:2   | Reached skill level 10 in Fighting
 12280 | Lair:2   | Reached skill level 4 in Shields
 12349 | Lair:2   | Found a staircase to the Swamp.
 12602 | Lair:2   | Reached skill level 5 in Shields
 12668 | Lair:2   | Identified the staff of earth "Ozuq" {rN++}
 13202 | Lair:3   | Identified the +8 rapier "Kunoeq" {flame, rPois Dex+2}
 13234 | Lair:3   | Found a staircase to the Snake Pit.
 13609 | Lair:3   | Reached XP level 14. HP: 99/114 MP: 0/0
 14234 | Lair:4   | Reached skill level 6 in Shields
 15777 | Lair:5   | Entered Level 5 of the Lair of Beasts
 15811 | Lair:5   | Found a staircase to the Slime Pits.
 15811 | Lair:5   | Found a viscous altar of Jiyva.
 15819 | Lair:5   | Reached skill level 7 in Shields
 16093 | Lair:5   | Reached skill level 8 in Shields
 16448 | Lair:5   | Reached skill level 9 in Shields
 16643 | Lair:5   | Reached ***** piety under Ashenzari
 16877 | Lair:5   | Reached XP level 15. HP: 92/124 MP: 0/0
 16877 | Lair:5   | Learned a level 6 spell: Iron Shot
 18282 | Lair:5   | Found a staircase to the Slime Pits.
 18283 | Lair:5   | Found a viscous altar of Jiyva.
 19758 | D:3      | Killed Sigmund
 20308 | D:5      | Killed Crazy Yiuf
 20412 | D:9      | Killed Harold
 20557 | D:9      | Reached skill level 10 in Shields
 21107 | D:9      | Found a staircase to the Orcish Mines.
 21357 | D:10     | Entered Level 10 of the Dungeon
 22248 | D:11     | Noticed Amaemon
 22259 | D:11     | Killed Amaemon
 23541 | Orc:1    | Entered Level 1 of the Orcish Mines
 23552 | Orc:1    | Noticed Maurice
 23560 | Orc:1    | Killed Maurice
 23615 | Orc:1    | Found Monkuaz's General Store.
 23740 | Orc:1    | Noticed Snorg
 23747 | Orc:1    | Killed Snorg
 23794 | Orc:1    | Reached XP level 16. HP: 121/134 MP: 0/0
 23804 | Orc:1    | Noticed Josephine
 23811 | Orc:1    | Killed Josephine
 23812 | Orc:1    | Noticed Erica
 23814 | Orc:1    | Killed Erica
 24139 | Orc:2    | Entered Level 2 of the Orcish Mines
 24174 | Orc:2    | Found a staircase to the Elven Halls.
 24198 | Orc:2    | Noticed Saint Roka
 24531 | Orc:2    | Killed Saint Roka
 24651 | Orc:2    | Paralysed by an orc sorcerer for 4 turns
 24982 | Orc:2    | Reached skill level 15 in Spellcasting
 24997 | Orc:2    | Found Xatij's Book Shop.
 24997 | Orc:2    | Found Olasm's Armour Shoppe.
 24999 | Orc:2    | Found Hownes's Jewellery Shoppe.
 24999 | Orc:2    | Found Gupnam's Antique Armour Shop.
 25008 | Orc:2    | Bought an ominously black robe for 148 gold pieces
 25008 | Orc:2    | Identified the +1 robe "Figyi" {rC++ Str-3 Dex+2} (You
                  | bought it in a shop on level 2 of the Orcish Mines)
 25033 | Orc:2    | Found a runed translucent door.
 25034 | Orc:2    | Noticed anet's ghost (journeyman MiBe)
 25045 | Orc:2    | Killed anet's ghost
 25046 | Orc:2    | Reached skill level 15 in Fighting
 25616 | D:13     | Found Zepuwamu's Antique Weapon Shoppe.
 25620 | D:13     | Bought a pitted dagger for 245 gold pieces
 25620 | D:13     | Identified the +2 dagger "Dragonbane" {flame, Dex+3} (You
                  | bought it in a shop on level 13 of the Dungeon)
 25620 | D:13     | Bought a dazzling war axe for 297 gold pieces
 25620 | D:13     | Identified the +2 war axe of the Burning Gnat {heavy, Str+4
                  | Dex+3} (You bought it in a shop on level 13 of the Dungeon)
 25702 | D:13     | Found a portal to a secret trove of treasure.
 25789 | D:13     | Noticed Lodul
 25792 | D:13     | Killed Lodul
 25828 | D:13     | Reached skill level 11 in Shields
 25962 | D:13     | Found Tibafaewu's Armour Shoppe.
 26011 | D:13     | Found Dad Ibae's General Store.
 26470 | D:14     | Noticed Kirke
 26482 | D:14     | Killed Kirke
 27001 | D:14     | Found a gate to the Vaults.
 27231 | D:15     | Entered Level 15 of the Dungeon
 27248 | D:15     | Reached XP level 17. HP: 124/148 MP: 0/0
 27248 | D:15     | Learned a level 7 spell: Monstrous Menagerie
 27285 | D:15     | Found a frozen archway.
 27296 | IceCv    | Entered an ice cave
 27329 | IceCv    | Reached skill level 1 in Short Blades
 27687 | IceCv    | Reached skill level 12 in Shields
 27767 | IceCv    | Identified the Precepts of Algor
 27866 | IceCv    | Reached skill level 5 in Short Blades
 27910 | IceCv    | Noticed a lich
 27916 | IceCv    | Killed a lich
 28341 | D:13     | Bought a scroll of enchant armour for 90 gold pieces
 29107 | D:15     | Reached skill level 13 in Shields
 29253 | D:14     | Found a gate to the Vaults.
 29963 | D:15     | Found a staircase to the Depths.
 30770 | Snake:1  | Entered Level 1 of the Snake Pit
 30882 | Snake:1  | Reached skill level 14 in Shields
 30927 | Snake:1  | Found an ornate altar of the Wu Jian Council.
 31133 | Snake:1  | Reached XP level 18. HP: 129/155 MP: 0/0
 31260 | Snake:1  | Identified a scroll of acquirement
 31267 | Snake:1  | Reached skill level 15 in Shields
 31284 | Snake:1  | Acquired a manual of Shields
 32476 | Snake:2  | Acquired a manual of Spellcasting
 33760 | Snake:3  | Reached skill level 16 in Shields
 34903 | Snake:4  | Entered Level 4 of the Snake Pit
 36086 | Snake:4  | Noticed Mlioglotl
 36273 | Swamp:1  | Entered Level 1 of the Swamp
 36310 | Swamp:1  | Reached XP level 19. HP: 150/160 MP: 0/0
 36310 | Swamp:1  | Learned a level 6 spell: Simulacrum
 36318 | Swamp:1  | Reached skill level 10 in Dodging
 36380 | Swamp:1  | Noticed a tentacled monstrosity
 36385 | Swamp:1  | Killed a tentacled monstrosity
 37204 | Swamp:2  | Identified the +11 spear of Lust {heavy, Fly rElec rF+++
                  | Will-}
 37968 | D:13     | Bought a potion of curing for 36 gold pieces
 38198 | D:13     | You paid a toll of 16 potions of curing to enter a treasure
                  | trove
 38199 | Trove    | Entered a treasure trove
 38201 | Trove    | Identified the +0 gold dragon scales of Okawaru's Favour
                  | {rPois rF+ rC+ rCorr Int+4}
 38201 | Trove    | Identified the +0 pair of gloves of the Pink Corner {rF+
                  | rCorr Dex+2}
 38201 | Trove    | Identified the +0 leather armour of Repulsion {Will+}
 38201 | Trove    | Found the +1 cloak of Starlight {*Dazzle EV+4 Stlth--}
 38201 | Trove    | Identified the +1 tower shield of Instinct {rPois Regen+
                  | Stlth+}
 38202 | Trove    | Identified the +1 pair of gloves of Complete Protection
                  | {+Inv rF+ Str+3 Int+2}
 38202 | Trove    | Found the +3 Mad Mage's Maulers {Infuse+∞ VampMP -Cast}
 38203 | Trove    | Identified the +1 pair of gloves "Toeck" {Int+3}
 38203 | Trove    | Identified the +3 ring mail "Uraoxka" {rF++ rC++ Dex-2}
 38203 | Trove    | Identified the scarf "Gipnayma" {rC+ rF+, Harm}
 38536 | Swamp:3  | Reached skill level 17 in Shields
 39663 | Swamp:4  | Entered Level 4 of the Swamp
 40507 | Swamp:4  | Reached XP level 20. HP: 160/167 MP: 0/0
 40538 | Swamp:4  | Got a decaying rune of Zot
 40982 | Snake:3  | Killed Mlioglotl
 41049 | Snake:4  | Found a sparkling altar of Nemelex Xobeh.
 41140 | Snake:4  | Found Duriomoth's Jewellery Boutique.
 41152 | Snake:4  | Found Istraudo's Book Shop.
 41162 | Snake:4  | Noticed Vashnia
 41179 | Snake:4  | Killed Vashnia
 41569 | Snake:4  | Noticed Bai Suzhen
 41582 | Snake:4  | Killed Bai Suzhen
 41583 | Snake:4  | Reached skill level 10 in Armour
 41608 | Snake:4  | Reached skill level 18 in Shields
 41627 | Snake:4  | Noticed Donald
 41636 | Snake:4  | Killed Donald
 41957 | Snake:4  | Got a serpentine rune of Zot
 42692 | Elf:1    | Entered Level 1 of the Elven Halls
 42762 | Elf:1    | Found a magical portal.
 42787 | Elf:1    | Reached skill level 19 in Shields
 42798 | WizLab   | Entered Tukima's Studio
 42843 | WizLab   | Reached XP level 21. HP: 164/181 MP: 0/0
 42843 | WizLab   | Learned a level 8 spell: Borgnjor's Revivification
 42962 | WizLab   | Identified the +9 triple crossbow of the Chickpea {speed,
                  | Dex+3}
 43112 | WizLab   | Noticed Banquo's illusion
 43285 | WizLab   | Noticed Banquo's illusion
 43396 | WizLab   | Noticed Banquo's illusion
 44593 | Elf:2    | Identified the +5 flail of Diulaokh {venom, rPois rN+}
 44911 | Elf:2    | Found a runed translucent gate.
 44911 | Elf:2    | Found a runed translucent gate.
 44911 | Elf:2    | Found a runed translucent gate.
 46457 | Elf:3    | Entered Level 3 of the Elven Halls
 46532 | Elf:3    | Paralysed by an air elemental for 1 turns
 46880 | Elf:3    | Reached skill level 20 in Shields
 47360 | Elf:3    | Noticed a Brimstone Fiend
 47365 | Elf:3    | Reached XP level 22. HP: 180/191 MP: 0/0
 47471 | Elf:3    | Identified the +4 rapier "Killer Klown's Bane" {drain,
                  | rElec Int+7}
 47567 | Elf:3    | Identified the +4 shortbow of Utaqakupn {freeze, Fragile
                  | rF+ rC+ Will+}
 47596 | Elf:3    | Identified the +3 leather armour of Trial and Error {Str+3
                  | Int+4}
 47627 | Elf:3    | Identified the amulet "Ytwisk" {Spirit MP+9 Stlth+}
 47627 | Elf:3    | Identified the +7 plate armour of Pathos {Int+4 Slay+3}
 48461 | Elf:3    | Identified the +1 whip of Valiance {heavy, Str+3}
 48466 | Elf:3    | Identified the +9 shortbow "Wueduudubb" {freeze, rC- Dex+5}
 49665 | Depths:1 | Entered Level 1 of the Depths
 49826 | Depths:1 | Found a one-way gate leading to the halls of Pandemonium.
 49908 | Depths:1 | Identified the +8 battleaxe of Indomitability {vamp, Dex+3}
 50005 | Depths:1 | Found a gateway to Hell.
 50688 | Depths:1 | Found a basalt altar of Yredelemnul.
 50689 | Depths:1 | Noticed a profane servitor
 50698 | Depths:1 | Killed a profane servitor
 51048 | Depths:1 | Found a basalt altar of Yredelemnul.
 51368 | Depths:1 | Found a one-way gate leading to the halls of Pandemonium.
 51427 | Depths:1 | Found a gateway to Hell.
 52322 | Depths:1 | Reached XP level 23. HP: 192/198 MP: 0/0
 52322 | Depths:1 | Learned a level 7 spell: Dragon Form
 52462 | Depths:2 | Noticed Asterion
 52466 | Depths:2 | Killed Asterion
 53317 | Depths:3 | Noticed a golden dragon
 53317 | Depths:3 | Found a one-way gate to the infinite horrors of the Abyss.
 53321 | Depths:3 | Killed a golden dragon
 53434 | Depths:3 | Noticed a golden dragon
 53440 | Depths:3 | Killed a golden dragon
 53686 | Depths:3 | Reached skill level 15 in Armour
 54217 | Depths:3 | Noticed Xtahua
 54223 | Depths:3 | Killed Xtahua
 54235 | Depths:3 | Found a one-way gateway to a ziggurat.
 54273 | Depths:3 | Found a glowing golden altar of the Shining One.
 54273 | Depths:3 | Found a glowing silver altar of Zin.
 54273 | Depths:3 | Found a white marble altar of Elyvilon.
 54709 | Depths:3 | Reached skill level 15 in Dodging
 54860 | Depths:3 | Noticed Jory
 54866 | Depths:3 | Killed Jory
 55325 | Depths:3 | Found a one-way gate to the infinite horrors of the Abyss.
 55391 | Depths:3 | Found a one-way gateway to a ziggurat.
 55533 | Depths:3 | Found a white marble altar of Elyvilon.
 55702 | Depths:3 | Found a glowing golden altar of the Shining One.
 55702 | Depths:3 | Found a glowing silver altar of Zin.
 55899 | Depths:4 | Entered Level 4 of the Depths
 55904 | Depths:4 | Reached XP level 24. HP: 186/204 MP: 0/0
 56174 | Depths:4 | Noticed Grunn
 56324 | Depths:4 | Noticed a caustic shrike
 56334 | Depths:3 | Killed a caustic shrike
 56359 | Depths:4 | Noticed a caustic shrike
 56363 | Depths:4 | Noticed a caustic shrike
 56364 | Depths:4 | Killed a caustic shrike
 56364 | Depths:4 | Noticed a caustic shrike
 56371 | Depths:3 | Killed a caustic shrike
 56409 | Depths:4 | Killed a caustic shrike
 56700 | Depths:4 | Killed Grunn
 56937 | Depths:4 | Found a runed translucent door.
 56938 | Depths:4 | Noticed Obergh's ghost (journeyman SpBr)
 56963 | Depths:4 | Reached skill level 21 in Shields
 57243 | Depths:4 | Found a gate to the Realm of Zot.
 57484 | Depths:4 | Killed Obergh's ghost
 57918 | Vaults:1 | Entered Level 1 of the Vaults
 58101 | Vaults:1 | Found Tuwi's Antique Armour Shop.
 58461 | Vaults:1 | Reached skill level 22 in Shields
 58629 | Vaults:1 | Identified the +2 chain mail of Zaoll {Int+4}
 58806 | Vaults:1 | Reached XP level 25. HP: 204/211 MP: 0/0
 58806 | Vaults:1 | Learned a level 8 spell: Infestation
 58915 | Vaults:1 | Identified the +5 morningstar of Ameschoy {venom, Fly
                  | Int+5}
 59062 | Vaults:1 | Found a runed translucent door.
 59357 | Vaults:1 | Found Tuwi's Antique Armour Shop.
 60140 | Vaults:2 | Found a flickering gateway to a bazaar.
 60149 | Bazaar   | Entered a bazaar
 60163 | Bazaar   | Found Ruaram's Antique Armour Emporium.
 60192 | Bazaar   | Found Serphohie's Jewellery Emporium.
 60192 | Bazaar   | Found Boforej's General Store.
 60214 | Bazaar   | Found Fugu's Armour Emporium.
 60214 | Bazaar   | Found Gesaot's Book Shoppe.
 60268 | Bazaar   | Bought a potion of haste for 120 gold pieces
 60268 | Bazaar   | Bought a potion of ambrosia for 96 gold pieces
 60268 | Bazaar   | Bought a potion of haste for 120 gold pieces
 60294 | Bazaar   | Bought a silken robe for 165 gold pieces
 60294 | Bazaar   | Identified the +1 robe "Kigisem" {rElec Str+3} (You bought
                  | it in a shop in a bazaar)
 60589 | Vaults:2 | Identified the +14 plate armour of the Exceptional God
                  | {Fly}
 60590 | Vaults:2 | Identified the +8 scimitar of the Final Decision {flame,
                  | Int+2}
 60715 | Vaults:2 | Paralysed by a floating eye for 3 turns
 60743 | Vaults:2 | Identified the +4 quarterstaff of the Sage {venom, +Blink
                  | rF+ rN+ Dex+4}
 60754 | Vaults:2 | Identified the +1 mace of the Vestibule of Hell {heavy,
                  | rPois}
 60755 | Vaults:2 | Identified Cerebov's Monograph on Flame
 61371 | Vaults:2 | Identified the +0 leather armour of Hopscotch {-Tele rElec
                  | rN+++ Regen+}
 61708 | Vaults:2 | Identified the +0 pair of gloves of Jitwatzomm {rElec Str+2
                  | Stlth-}
 63210 | Vaults:3 | Reached XP level 26. HP: 211/218 MP: 0/0
 63219 | Vaults:3 | Identified the +0 chain mail of the Turtledove {Harm rF-
                  | Regen+ Slay+5}
 63542 | Vaults:3 | Found a staircase to the Crypt.
 63603 | Vaults:3 | Identified the +0 scale mail of Agheoch {Fly rElec rF-
                  | Str-4}
 64535 | Vaults:3 | Found a staircase to the Crypt.
 64916 | Vaults:4 | Found Wonwed's Assorted Antiques.
 64971 | Vaults:4 | Bought 3 scrolls of blinking for 990 gold pieces
 65027 | Vaults:4 | Noticed Zenata
 65039 | Vaults:4 | Killed Zenata
 65491 | Vaults:4 | Reached skill level 23 in Shields
 65509 | Vaults:4 | Found the +9 sword of Zonguldrok {reap}
 66079 | Vaults:4 | Found Wonwed's Assorted Antiques.
 66854 | Crypt:1  | Entered Level 1 of the Crypt
 66891 | Crypt:1  | Identified the +6 scale mail of the Falcon {Dex+3}
 68464 | Crypt:2  | Identified the +9 plate armour of Fashionability {rPois rC+
                  | Str-5}
 68498 | Crypt:2  | Identified the +4 plate armour of Defiance {rF+ rC+ Slay-2}
 68891 | Crypt:3  | Entered Level 3 of the Crypt
 68946 | Crypt:3  | Identified the +4 sling "Vutz" {antimagic, Drain Fly rC+
                  | rCorr}
 69116 | Crypt:3  | Reached XP level 27. HP: 223/228 MP: 0/0
 69116 | Crypt:3  | Learned a level 9 spell: Death's Door
 69211 | Crypt:3  | Reached skill level 24 in Shields
 69398 | Crypt:3  | Found a staircase to the Tomb.
 69590 | Crypt:3  | Found a basalt altar of Yredelemnul.
 69740 | Crypt:3  | Identified the staff of earth "Kumirec" {rPois rC+}
 69829 | Crypt:3  | Reached skill level 25 in Shields
 69996 | Crypt:3  | Found the +5 scythe "Finisher" {speed, execute}
 70635 | Vaults:5 | Entered Level 5 of the Vaults
 70684 | Vaults:5 | Got a silver rune of Zot
 70723 | Vaults:5 | Reached skill level 5 in Stealth
 70794 | Vaults:5 | Identified the +6 chain mail of Rationality {*Corrode rPois
                  | rN+}
 70886 | Vaults:5 | Identified the staff of air "Zasach" {rElec rF- rC++ rN+}
 71013 | Vaults:5 | Identified the +1 great sword "Sylu Ruo" {freeze, rPois rF+
                  | Str+4 Int+3}
 71255 | Vaults:5 | Identified the +2 mace of Solyet {freeze, Will+}
 71521 | Vaults:5 | Reached skill level 10 in Short Blades
 73237 | Orc:1    | Bought 3 scrolls of teleportation for 117 gold pieces
 73237 | Orc:1    | Bought a potion of mutation for 104 gold pieces
 73335 | D:5      | Bought a scroll of enchant weapon for 105 gold pieces
 73335 | D:5      | Bought a scroll of enchant weapon for 105 gold pieces
 73335 | D:5      | Bought a potion of mutation for 112 gold pieces
 73472 | D:13     | Bought a potion of might for 48 gold pieces
 73472 | D:13     | Bought a potion of mutation for 96 gold pieces
 73472 | D:13     | Bought a potion of might for 48 gold pieces
 73632 | Zot:1    | Entered Level 1 of the Realm of Zot
 75595 | Zot:2    | Noticed an ancient lich
 75604 | Zot:2    | Killed an ancient lich
 76123 | Zot:3    | Noticed a Killer Klown
 76129 | Zot:3    | Killed a Killer Klown
 76275 | Zot:3    | Identified the +7 great sword "Taah Dee" {venom, rElec MP+9
                  | Dex-4 Stlth+}
 78708 | Zot:5    | Entered Level 5 of the Realm of Zot
 79395 | Zot:5    | Noticed an ancient lich
 79431 | Zot:5    | Killed an ancient lich
 79633 | Zot:5    | Noticed an ancient lich
 79638 | Zot:5    | Killed an ancient lich
 79803 | Zot:5    | Noticed an orb of fire
 79803 | Zot:5    | Noticed an orb of fire
 79804 | Zot:5    | Noticed a Killer Klown
 79807 | Zot:5    | Noticed an orb of fire
 79808 | Zot:5    | Killed an orb of fire
 79811 | Zot:5    | Noticed an orb of fire
 79812 | Zot:5    | Killed an orb of fire
 79815 | Zot:5    | Noticed an ancient lich
 79817 | Zot:5    | Noticed an ancient lich
 79819 | Zot:5    | Killed an orb of fire
 79821 | Zot:5    | Noticed an ancient lich
 79821 | Zot:5    | Noticed a dread lich
 79822 | Zot:5    | Killed an orb of fire
 79823 | Zot:5    | Killed a Killer Klown
 79824 | Zot:5    | Noticed a Killer Klown
 79826 | Zot:5    | Killed an ancient lich
 79845 | Zot:4    | Killed an ancient lich
 79849 | Zot:4    | Killed a dread lich
 79851 | Zot:4    | Killed an ancient lich
 79925 | Zot:5    | Noticed a Killer Klown
 79939 | Zot:5    | Killed a Killer Klown
 79940 | Zot:5    | Noticed an ancient lich
 79943 | Zot:5    | Killed an ancient lich
 79947 | Zot:5    | Killed a Killer Klown
 80159 | Zot:5    | Got the Orb of Zot
 80573 | D:3      | Noticed Bazuir the pandemonium lord
 80654 | D:1      | Woot!
 80655 | D:$      | Escaped with the Orb!

Illustrated notes

#########
#@..~.≈~#
####..~≈#
#~P..~PP#
#P~~.~PP#
#####
#P~~.P≈~#
#...#
#≈~.P..~#
#...#
#≈.≈~~.≈#
#...#
#'#####'#
#...#
#....##.#


Turn 80654 on D:1: Woot!

Levels and vault maps discovered:
D:1:      lightli_arrival_flooded_house, layout_rooms, nicolae_hexahallways
D:2:      layout_loops_ring
D:3:      layout_basic, uniq_sigmund, uniq_robin
D:4:      layout_loops_cross, minivault_25, grunt_decor_resistance,
          dk_vineyard_3
D:5:      layout_rooms, nicolae_overflow_squiral, minmay_temple_entry_ruins,
          serial_shops, nicolae_shop_hallway_stairs, grunt_ministairs_3,
          uniq_crazy_yiuf_cottage, uniq_grinder
D:6:      layout_loops_ring, uniq_blork_the_orc
D:7:      layout_cave_pools, uniq_joseph, uniq_duvessa
D:8:      layout_rooms, erik_lair_island
D:9:      hangedman_cross_veins, layout_irregular_city, david_orc_3,
          enter_bailey_3, uniq_psyche, uniq_harold, uniq_gastronok, uniq_pikel
D:10:     layout_loops_ring, minmay_holes
D:11:     layout_roguey, minivault_11, minmay_orc_keep, uniq_amaemon
D:12:     layout_roguey
D:13:     layout_basic, enter_trove_1, serial_shops, nicolae_shop_crystal, shop,
          nicolae_shop_just_a_little_nook, small_chamber_with_monster,
          uniq_lodul
D:14:     layout_rooms, erik_vaults_2, minmay_misc_feat_more_columns,
          disabler_island, uniq_kirke
D:15:     gammafunk_enter_depths_forms, layout_basic,
          portal_ice_cave_entry_pillars_2, grunt_decor_one_mirror
Temple:   nicolae_temple_bog_church
Lair:1:   layout_regular_city, small_statue_intersection, st_stairs_6,
          serial_bayou_shore_a, infiniplex_staircase_pool, uniq_sonja, uniq_urug
Lair:2:   layout_roguey, minmay_swamp_entry_worms, special_room
          [special_room_bee], minmay_lindwurm_lava, grunt_megastairs_3
Lair:3:   layout_hall_layers, minmay_snake_entry_guardpost_small,
          serial_bayou_shore_b
Lair:4:   dragon1_lemuel, layout_hall_layers, wad_woods_river_02
Lair:5:   grunt_lair_end_beastmaster, layout_cave_pods, slime_entry_1,
          grunt_forest_large_clearing_hut, serial_bayou_shore_b
Swamp:1:  layout_basic_swamp, nicolae_swamp_decorative_isthmus, swamp_pool2
Swamp:2:  layout_basic_swamp, nicolae_swamp_tree_isthmus
Swamp:3:  nicolae_swamp_wrong_neighborhood, layout_basic_swamp,
          nicolae_swamp_feature_on_the_river_bank, swamp_pool1,
          nicolae_swamp_small_spring
Swamp:4:  swamp_basic_johnstein, layout_basic_swamp, infiniplex_staircase_pool_2
Snake:1:  layout_onion, basic_altar, grunt_ministairs_1, grunt_megastairs_5
Snake:2:  cheibrodos_snake_lava_hold, layout_basic, serial_bayou_shore_b
Snake:3:  layout_chambers, nrook_loot_triangle, st_stairs_2, library_closet,
          nicolae_snake_round_shape_thing
Snake:4:  grunt_snake_rune_serpentine_throne, layout_cave_town, basic_altar,
          nicolae_snake_bzzzt, minmay_shoptagon, lemuel_fruit_tree,
          uniq_vashnia, uniq_donald, uniq_bai_suzhen, uniq_mlioglotl
Orc:1:    layout_diamond_mine, basic_altar, serial_shops,
          nicolae_shop_tiny_statue_garden, mines1_david, uniq_josephine,
          uniq_maurice, uniq_erica, uniq_snorg
Orc:2:    grunt_orc_tribal_feast, layout_caves, basic_altar,
          ebering_ghost_reflecting_pool, uniq_saint_roka
Elf:1:    eino_elf_arrival_customs, layout_loops_cross, mu_enter_wizlab_4,
          serial_co_window_serial, co_window_corner_a, co_window_corner_a,
          co_window_paths_b, co_window_paths_a, co_window_paths_b,
          co_window_cross_3, co_window_of_opportunity_b,
          co_window_unsneaky_path_c, glass_columns_b, glass_columns_b,
          glass_columns_b, glass_columns_b, glass_columns_a, minivault_20,
          corner_web_ring
Elf:2:    nicolae_elf_blades_splatter_lattice [grunt_blade_entry_basic],
          layout_loops_cross
Elf:3:    grunt_elf_hall_asides, layout_loops_corners, hangedman_elf_represent
Vaults:1: nicolae_vaults_offset_grid_hallway_2, grunt_vaults_hallway_short,
          nicolae_vaults_oozy_zoo, v_misc_9, nicolae_vaults_double_plus_3,
          nicolae_vaults_little_squares_3, vaults_room_fancy_cross,
          nicolae_vaults_stepped_doors, v_rooms_4, nicolae_vaults_network_star,
          hangedman_vaults_nails, vaults_dpeg_cross, nicolae_vaults_diamond_1,
          nicolae_vaults_storage_closets_1, vaults_dpeg_ring,
          layout_vaults_big_cross, serial_shops, nicolae_shop_statue_plus
Vaults:2: vaults_room_large_hall, hangedman_vaults_snaps, st_greater_box_4,
          hangedman_vaults_cutoff, ontoclasm_vaults_eye,
          nicolae_vaults_tetromino_L_1, v_misc_25, grunt_vaults_hallway_short,
          nicolae_vaults_tetromino_T_1, hangedman_vaults_maws,
          layout_vaults_chaotic_city, serial_shops, bzr_entry_customers
Vaults:3: nicolae_vaults_closet_pinwheel_1, blue_anna_dwarven_crypt, v_misc_22,
          nicolae_vaults_trapezoid_4, grunt_vaults_hallway_short,
          layout_vaults_omnigrid
Vaults:4: nicolae_vaults_triangles, nicolae_vaults_murder_corner,
          nicolae_vaults_wine_cellar, v_misc_17,
          nicolae_vaults_heart-shaped_vault, nicolae_vaults_circle_grid_a,
          nicolae_vaults_tetromino_L_2, v_pattern_2,
          nicolae_vaults_storage_closets_2, ontoclasm_vaults_hangar,
          nicolae_vaults_windows_and_doors_thing,
          nicolae_vaults_oval_intersection, layout_vaults_omnibox, serial_shops,
          shop, uniq_zenata
Vaults:5: serial_shops
Crypt:1:  layout_gridlike, grunt_crypt_arrival_split
Crypt:2:  layout_misc_corridors, grunt_ministairs_9, nicolae_nh_vlads_tower
Crypt:3:  church_of_pain_bobbens, layout_chaotic_city,
          tomb_entry_forgotten_bobbens, minivault_24,
          serial_sigils_hangedman_leer, grunt_ministairs_7, st_stairs_2,
          skrybe_necro_troll_2
Depths:1: layout_honeycomb, rand_demon_pan_entry_1, hell_entry, chequers_jeans,
          hangedman_blasphemy
Depths:2: nicolae_cairo_tiling, layout_cave_pools, pan_entry, hell_entry,
          hangedman_abyss_or_decor_jellyfish_corner, minmay_staircase_bubble,
          serial_bayou_shore_b, uniq_asterion
Depths:3: due_jory_tower, layout_gridlike, enter_ziggurat_f,
          pf_hell_entry_tar_spiral, abyss_entry, good_gods_mini_temple,
          minmay_tree_intersection, kennysheep_kite_vault, uniq_xtahua
Depths:4: grunt_zot_entry_tricorne, layout_gridlike, minmay_room_of_horrors,
          minmay_fountain_box, hell_entry, hellmonk_ghost_happy_afterlife,
          uniq_jory, uniq_grunn
Zot:1:    layout_gridville, hangedman_zot_wheel_spokes
Zot:2:    hangedman_snap_crack_crunch, layout_cathedral_of_symmetry
Zot:3:    layout_gridlike
Zot:4:    layout_misc_corridors, grunt_ministairs_2
Zot:5:    layout_basic

Skill      XL: |  1  2  3  4  5  6  7  8  9 10 11 12 13 14 15 16 17 18 19 20 21 22 23 24 25 26 27 |
---------------+----------------------------------------------------------------------------------+-----
Spellcasting   | 3 4 5 6 7 9 10 11 12 13 14 15 17 18 19 | 19.1
Fighting       | 1 2 3 4 5 6 8 9 11 13 14 15 16 17 19 | 19.1
Armour         | 2 5 6 8 9 10 13 16 17 19 20 24 | 24.8
Dodging        | 3 7 8 9 10 11 12 15 16 17 22 | 22.4
Shields        | 3 5 9 10 11 14 16 17 19 20 22 23 25 | 25.2
Short Blades   | 5 8 9 13 | 13.8
Stealth        | 5 |  5.2

Action                     |  1- 3 |  4- 6 |  7- 9 | 10-12 | 13-15 | 16-18 | 19-21 | 22-24 | 25-27 || total
---------------------------+-------+-------+-------+-------+-------+-------+-------+-------+-------++-------
  Melee: Staff             |       |       |       |       |       |     4 |       |       |       ||     4
         Rapier            |       |       |       |       |       |       |       |       |     2 ||     2
   Cast: Shock             |    76 |   137 |     4 |     2 |     5 |     1 |       |       |       ||   225
         Stone Arrow       |       |       |    47 |    32 |    69 |       |       |       |       ||   148
         Airstrike         |       |       |    72 |   208 |   414 |   226 |   432 |   188 |   331 ||  1871
         Static Discharge  |       |       |       |     4 |       |       |       |       |       ||     4
         Volatile Blastmot |       |       |       |    11 |     8 |       |     1 |       |       ||    20
         Swiftness         |       |       |       |     2 |     1 |       |       |     1 |       ||     4
         Arcjolt           |       |       |       |       |    44 |    11 |    17 |    27 |    80 ||   179
         Sticky Flame      |       |       |       |       |     3 |       |       |       |       ||     3
         Iron Shot         |       |       |       |       |   111 |   418 |   287 |   439 |  1097 ||  2352
         Monstrous Menager |       |       |       |       |       |    16 |    12 |    19 |    20 ||    67
         Simulacrum        |       |       |       |       |       |       |   113 |    96 |     4 ||   213
         Infestation       |       |       |       |       |       |       |       |       |    91 ||    91
         Momentum Strike   |       |       |       |       |       |       |       |       |     1 ||     1
 Invoke: Curse Item        |       |       |     1 |     3 |     3 |     3 |     1 |     1 |     4 ||    16
         Shatter the Chain |       |       |       |       |     1 |     3 |       |     1 |     3 ||     8
    Use: Scroll            |       |       |    10 |     1 |       |     2 |     1 |     2 |    24 ||    40
         Potion            |       |       |       |     2 |       |       |       |     3 |     6 ||    11
 Armour: Robe              |     3 |     4 |     2 |     4 |       |       |       |       |       ||    13
         Troll leather arm |       |       |       |    10 |    25 |     6 |     6 |    21 |    39 ||   107
  Dodge: Dodged            |    13 |    21 |    12 |    37 |    66 |    54 |    44 |    70 |   171 ||   488
         Repelled          |       |       |       |       |     1 |    10 |     2 |     2 |       ||    15
  Block: Buckler           |       |       |       |       |    33 |    27 |       |       |       ||    60
         Tower shield      |       |       |       |       |       |    64 |   105 |   165 |   346 ||   680

Table legend: (Time is in decaauts)
 A = Elapsed time spent in this place.
 B = Non-inter-level travel time spent in this place.
 C = Inter-level travel time spent in this place.
 D = Time resting spent in this place.
 E = Time spent auto-exploring this place.
 F = Levels seen in this place.
 G = Mean time per level.
                   A        B        C        D        E       F      G
               +--------+--------+--------+--------+--------+-----+--------+
         Total |  80833 |  69024 |  11809 |   6836 |  39390 |  56 | 1443.4 |
       Dungeon |  22988 |  17046 |   5942 |   2478 |  10634 |  15 | 1532.5 |
        Temple |    195 |    173 |     22 |      0 |    156 |   1 |  195.0 |
          Lair |   8347 |   7281 |   1066 |    850 |   4508 |   5 | 1669.4 |
         Swamp |   3535 |   3248 |    287 |    445 |   1916 |   4 |  883.8 |
     Snake Pit |   7122 |   6169 |    953 |    304 |   4155 |   4 | 1780.5 |
  Orcish Mines |   2216 |   1737 |    479 |    371 |    682 |   2 | 1108.0 |
   Elven Halls |   5533 |   4856 |    677 |    175 |   3068 |   3 | 1844.3 |
        Vaults |  10316 |   9581 |    735 |    305 |   5877 |   5 | 2063.2 |
         Crypt |   3361 |   3103 |    258 |    132 |   1483 |   3 | 1120.3 |
        Depths |   8093 |   7118 |    975 |    578 |   3887 |   4 | 2023.2 |
           Zot |   6588 |   6177 |    411 |    712 |   2879 |   5 | 1317.6 |
        Bazaar |    199 |    199 |      0 |      0 |     86 |   1 |  199.0 |
         Trove |     40 |     40 |      0 |      0 |      0 |   1 |   40.0 |
        Bailey |    830 |    830 |      0 |    206 |     38 |   1 |  830.0 |
      Ice Cave |    778 |    778 |      0 |    137 |      4 |   1 |  778.0 |
        Wizlab |    684 |    684 |      0 |    142 |     17 |   1 |  684.0 |
               +--------+--------+--------+--------+--------+-----+--------+

Top non-repeatable levels by time:
  Lair:5: 3022 daAuts
Depths:3: 2828 daAuts
     D:9: 2729 daAuts
   Elf:3: 2543 daAuts
 Snake:3: 2521 daAuts
Depths:1: 2430 daAuts
Vaults:3: 2338 daAuts
Vaults:5: 2325 daAuts
     D:3: 2265 daAuts
Vaults:1: 2161 daAuts
     D:8: 2141 daAuts
 Snake:2: 2060 daAuts
  Lair:4: 1890 daAuts
Vaults:2: 1848 daAuts
    D:15: 1809 daAuts
